 Dungeon Crawl Stone Soup version 0.31-a0-596-g831eee08f1 (webtiles) character file.

Game seed: 8057448106276820304

382 mopl the Tainter (level 7, -1/46 HPs)
             Began as a Formicid Venom Mage on Aug 20, 2023.
             Slain by an ogre
             ... wielding a +0 giant club
              (21 damage)
             ... on level 5 of the Dungeon.
             The game lasted 00:05:55 (2816 turns).

mopl the Tainter (Formicid Venom Mage)              Turns: 2816, Time: 00:05:56

Health: -1/46      AC:  4    Str: 12    XL:     7   Next: 5%
Magic:  2/11       EV: 12    Int: 17    God:
Gold:   276        SH:  0    Dex: 14    Spells: 7/12 levels left

rFire   . . .        w - +2 quarterstaff (speed)
rCold   . . .        (no shield)
rNeg    . . .        a - +0 robe
rPois   +            (helmet unavailable)
rElec   .            s - +1 cloak
rCorr   .            (no gloves)
SInv    +            (no boots)
Will    .....        A - amulet of regeneration
Stlth   ++           p - ring of poison resistance
HPRegen 1.07/turn    (no ring)
MPRegen 0.12/turn

%: no passive effects
@: radiating poison
A: permanent stasis, dig shafts and tunnels, antennae 3, four strong arms
a: Dig, Shaft Self


You were on level 5 of the Dungeon.
You visited 1 branch of the dungeon, and saw 5 of its levels.

You collected 354 gold pieces.
You spent 78 gold pieces at shops.

Inventory:

Hand Weapons
 j - a +0 war axe
 w - a +2 quarterstaff of speed (weapon)
Missiles
 h - 5 poisoned darts
 i - 5 boomerangs
 r - a throwing net
Armour
 a - a +0 robe (worn)
 c - a +0 ring mail
 s - a +1 cloak (worn)
Jewellery
 p - a ring of poison resistance (left hand)
 A - an amulet of regeneration (around neck)
 D - a ring of fire
Wands
 t - a wand of flame (42)
 C - a wand of iceblast (4)
Scrolls
 f - a scroll of silence {unknown}
 g - 2 scrolls of fog {unknown}
 k - a scroll of brand weapon {unknown}
 l - 3 scrolls of vulnerability {unknown}
 m - a scroll of fear {unknown}
 o - a scroll of acquirement {unknown}
 q - 5 scrolls of identify {unknown}
 u - a scroll of poison {unknown}
 v - a scroll of torment {unknown}
 y - a scroll of enchant armour {unknown}
 z - a scroll of blinking {unknown}
Potions
 b - a potion of magic
 d - a potion of brilliance {unknown}
 e - a potion of lignification {unknown}
 n - 2 potions of might {unknown}
 x - a potion of curing {unknown}
 B - a potion of haste {unknown}


   Skills:
 - Level 1.7 Dodging
 - Level 2.4 Stealth
 - Level 3.0 Spellcasting
 - Level 1.1 Transmutations
 + Level 9.3 Poison Magic


You had 7 spell levels left.
You knew the following spells:

 Your Spells              Type           Power      Damage    Failure   Level
a - Sting                 Tmut/Pois      80%        1d7       1%          1
o - Olgreb's Toxic Radia  Pois           34%        N/A       3%          4

Your spell library contained the following spells:

 Spells                   Type           Power      Damage    Failure   Level
 Poisonous Vapours        Pois/Air       36%        N/A       3%          2
 Mephitic Cloud           Conj/Pois/Air  13%        N/A       14%         3


Dungeon Overview and Level Annotations

Branches:
Dungeon (5/15)             Temple (0/1) D:5

Altars:
Nemelex Xobeh
Ru
Sif Muna
Trog
Zin

Shops:
D:1 *   D:2 [   D:3 (   D:4 [


Innate Abilities, Weirdness & Mutations

You cannot be hasted, slowed, berserked, paralysed or teleported.
You can dig through walls and to a lower floor.
You have a pair of large antennae on your head. (SInv)
Your four strong arms can wield two-handed weapons with a shield.


Message History

Unknown command.
You now have 266 gold pieces (gained 19).
Found a stone staircase leading down.
Found 3 stones.
You now have 276 gold pieces (gained 10).
Magic restored.
Found a stone staircase leading down.
You sense a monster nearby.
You open the door.
Found a staircase to the Ecumenical Temple.
There is an open door here.
There is an open door here.
An ogre comes into view. It is wielding a +0 giant club.
An iguana and an adder come into view.
Casting: Sting (safe; 2% risk of failure)
Confirm with . or Enter, or press ? or * to list all spells.
You begin to radiate toxic energy.
The iguana is poisoned.
The ogre is poisoned.
The adder hisses angrily.
The adder is poisoned.
The iguana looks even sicker.
The ogre looks even sicker.
The iguana closely misses you.
You sock the iguana!
The iguana is almost dead.
You kill the iguana!
You kill the adder!
The ogre hits you with a +0 giant club!
You have reached level 7!
You hit the ogre.
The ogre is moderately wounded.
Your toxic aura wanes.
Unknown command.
You hit the ogre but do no damage.
The ogre is moderately wounded.
The ogre hits you with a +0 giant club!
You are too injured to fight recklessly!
You are too injured to fight recklessly!
Casting: Olgreb's Toxic Radiance (dangerous; 3% risk of failure)
Confirm with . or Enter, or press ? or * to list all spells.
You begin to radiate toxic energy.
The ogre looks even sicker. x2
The ogre hits you with a +0 giant club!!
You die...

#######....###########
........##.# #
#######.##.#
####...#.# #....#...#
#.##...### #. ##.##
#.#####.###.####
#....††#O@.....##
#.######..# ### #.#
##.# #.. #.# #'# # #.#
#.# #♣.♣# #. #.# #.#
♣...♣ #.##.# #.# ♣.>.♣
#..#.# ... ♣...♣
#..... ... #♣♣♣#
#.##.#


You could see an ogre (very poisoned).

Vanquished Creatures
  An ogre (D:5)
  A jelly (D:5)
  A hound (D:4)
  An iguana (D:5)
  Terence (D:3)
  An orc wizard (D:4)
  7 gnolls
  3 adders
  A worm (D:3)
  A dart slug (D:2)
  5 orcs (D:4)
  7 ball pythons
  5 endoplasms
  2 giant cockroaches
  5 goblins
  2 hobgoblins
  4 jackals (D:2)
  3 quokkas
  11 bats
  2 frilled lizards
  A kobold (D:4)
  4 rats
69 creatures vanquished.

Vanquished Creatures (others)
  A butterfly (D:5)
1 creature vanquished.

Grand Total: 70 creatures vanquished

Notes
Turn   | Place    | Note
-------+----------+-------------------------------------------
     0 | D:1      | mopl the Formicid Venom Mage began the quest for the Orb.
     0 | D:1      | Reached XP level 1. HP: 13/13 MP: 3/3
   137 | D:1      | Found Fujeett's Assorted Antiques.
   154 | D:1      | Bought a brown potion for 18 gold pieces
   154 | D:1      | Bought a smoky clear potion for 18 gold pieces
   154 | D:1      | Bought a scroll labelled UPHIUWNO SUEW for 21 gold pieces
   162 | D:1      | Bought a scroll labelled YHIMEZORYFF for 21 gold pieces
   202 | D:1      | Found a faded altar of an unknown god.
   252 | D:1      | Reached XP level 2. HP: 19/19 MP: 0/5
   553 | D:1      | Reached XP level 3. HP: 20/24 MP: 2/7
  1054 | D:2      | Reached skill level 3 in Spellcasting
  1089 | D:2      | Reached skill level 5 in Poison Magic
  1089 | D:2      | Found Utzuwkoz's Antique Armour Shop.
  1227 | D:2      | Reached XP level 4. HP: 20/30 MP: 3/8
  1248 | D:2      | Learned a level 4 spell: Olgreb's Toxic Radiance
  1530 | D:3      | Found a bloodstained altar of Trog.
  1549 | D:3      | Noticed Terence
  1552 | D:3      | Reached skill level 6 in Poison Magic
  1554 | D:3      | Killed Terence
  1555 | D:3      | Reached XP level 5. HP: 35/35 MP: 1/9
  1575 | D:3      | Found a glowing silver altar of Zin.
  1689 | D:3      | Reached skill level 7 in Poison Magic
  1885 | D:3      | Found Asaanwig's Antique Weapon Shoppe.
  2100 | D:4      | Reached XP level 6. HP: 38/41 MP: 5/10
  2134 | D:4      | Reached skill level 8 in Poison Magic
  2192 | D:4      | Found a shimmering blue altar of Sif Muna.
  2266 | D:4      | Found Vagoet's Armour Emporium.
  2441 | D:4      | Found a sparkling altar of Nemelex Xobeh.
  2641 | D:5      | Entered Level 5 of the Dungeon
  2677 | D:5      | Found a sacrificial altar of Ru.
  2714 | D:5      | Noticed an ogre
  2722 | D:5      | Killed an ogre
  2723 | D:5      | Reached skill level 9 in Poison Magic
  2795 | D:5      | Found a staircase to the Ecumenical Temple.
  2808 | D:5      | Noticed an ogre
  2812 | D:5      | Reached XP level 7. HP: 31/46 MP: 6/11
  2816 | D:5      | Slain by an ogre

Illustrated notes

Levels and vault maps discovered:
D:1:      minmay_arrival_up_and_down, layout_basic,
          hellmonk_ecumenical_altar_leap_of_faith, serial_glass,
          glass_columns_a, glass_columns_a, glass_columns_b, glass_columns_c,
          serial_shops, shop_coins
D:2:      layout_rooms, serial_shops, shop, minmay_ruptured
D:3:      layout_rooms, zin_statuary, lemuel_crystal_altar, serial_shops,
          nicolae_shop_tiny_waterfront, uniq_terence
D:4:      layout_rooms, lemuel_doored_altar, nicolae_sif_muna_little_library,
          serial_shops, nicolae_inconvenience_store
D:5:      layout_loops_ring, nicolae_elyvilon_peaceful_grove,
          nicolae_ru_sacrificial_ziggurat, minmay_temple_entry_enclosed_plants

Skill      XL: |  1  2  3  4  5  6 |
---------------+-------------------+-----
Spellcasting   | 3 |  3.0
Poison Magic   | 5 6 7 9 |  9.3
Dodging        | |  1.7
Stealth        | |  2.4
Transmutations | |  1.1

Action                     |  1- 3 |  4- 6 |  7- 9 || total
---------------------------+-------+-------+-------++-------
  Melee: Unarmed           |    15 |       |       ||    15
         War axe           |    25 |    14 |       ||    39
         Quarterstaff      |       |    23 |     2 ||    25
   Cast: Sting             |    43 |    36 |       ||    79
         Olgreb's Toxic Ra |       |     7 |     1 ||     8
   Stab: Sleeping          |       |     3 |       ||     3
 Armour: Robe              |    11 |    16 |       ||    27
  Dodge: Dodged            |    47 |    33 |       ||    80

Table legend: (Time is in decaauts)
 A = Elapsed time spent in this place.
 B = Non-inter-level travel time spent in this place.
 C = Inter-level travel time spent in this place.
 D = Time resting spent in this place.
 E = Time spent auto-exploring this place.
 F = Levels seen in this place.
 G = Mean time per level.
                   A        B        C        D        E       F      G
               +--------+--------+--------+--------+--------+-----+--------+
         Total |   2829 |   2630 |    199 |    271 |   1810 |   5 |  565.8 |
       Dungeon |   2829 |   2630 |    199 |    271 |   1810 |   5 |  565.8 |
               +--------+--------+--------+--------+--------+-----+--------+

Top non-repeatable levels by time:
     D:1: 981 daAuts
     D:4: 570 daAuts
     D:2: 560 daAuts
     D:3: 543 daAuts
     D:5: 173 daAuts
